 Dungeon Crawl Stone Soup version 0.19.1 (webtiles) character file.

1852 Monsterracer the Destroyer (level 8, 0/44 HPs)
             Began as a Deep Elf Conjurer on Nov 24, 2016.
             Was a Believer of Vehumet.
             Shot with an arrow by a centaur (9 damage)
             ... on level 7 of the Dungeon.
             The game lasted 00:19:18 (8147 turns).

Monsterracer the Destroyer (Deep Elf Conjurer)      Turns: 8147, Time: 00:19:19

Health: 0/44       AC:  5    Str:  5    XL:     8   Next: 88%
Magic:  11/20      EV: 14    Int: 23    God:    Vehumet [**....]
Gold:   322        SH:  0    Dex: 15    Spells: 5 memorised, 7 levels left

rFire  . . .     SeeInvis +     q - +3 dagger
rCold  . . .     Gourm    +     a - +0 robe
rNeg   + . .     Faith    .     (no shield)
rPois  .         Spirit   .     (no helmet)
rElec  .         Reflect  .     (no cloak)
rCorr  .         Harm     .     (no gloves)
MR     .....                    s - +0 pair of boots
Stlth  ++........               d - amulet of the gourmand
                                m - ring of see invisible
                                f - ring of positive energy

@: no status effects
A: molten scales 1
a: Renounce Religion


You were on level 7 of the Dungeon.
You worshipped Vehumet.
Vehumet was pleased with you.
You were completely stuffed.

You visited 1 branch of the dungeon, and saw 7 of its levels.
You also visited: Sewer.

You collected 322 gold pieces.

Inventory:

Hand Weapons
 q - a +3 dagger (weapon)
Armour
 a - a +0 robe (worn)
 s - a +0 pair of boots (worn)
Jewellery
 d - an amulet of the gourmand (around neck)
 f - a ring of positive energy (left hand)
 m - a ring of see invisible (right hand)
 r - an uncursed ring of flight
Scrolls
 e - 2 scrolls of blinking {unknown}
 g - 3 scrolls of remove curse {unknown}
 l - 2 scrolls of teleportation {unknown}
 n - 4 scrolls of identify
 p - a scroll of enchant armour {unknown}
Potions
 i - 2 potions of curing
Books
 b - a book of Conjurations

   Spells                             Type                      Level
   a - Magic Dart                     Conjuration                  1
   b - Searing Ray                    Conjuration                  2
   c - Dazzling Spray                 Conjuration/Hexes            3
   d - Fulminant Prism                Conjuration/Hexes            4
   e - Iskenderun's Mystic Blast      Conjuration                  4
   f - Iskenderun's Battlesphere      Conjuration/Charms           5
Comestibles
 c - 2 bread rations
 h - 3 chunks of flesh
 j - 2 slices of pizza
 k - 3 meat rations
 o - a beef jerky


   Skills:
 - Level 2.0 Fighting
 + Level 2.7 Short Blades
 - Level 4.2 Dodging
 - Level 2.4 Stealth
 * Level 6.9 Spellcasting
 + Level 9.9 Conjurations
 + Level 5.3 Charms
 + Level 1.3 Fire Magic


You had 7 spell levels left.
You knew the following spells:

 Your Spells              Type           Power        Failure   Level  Hunger
a - Magic Dart            Conj           ####         1%          1    None
b - Searing Ray           Conj           ######       1%          2    None
c - Iskenderun's Mystic   Conj           ######..     1%          4    ###....
d - Iskenderun's Battles  Conj/Chrm      #####...     12%         5    #####..
e - Flame Tongue          Conj/Fire      ####.        1%          1    None


Dungeon Overview and Level Annotations

Branches:
Dungeon (7/15)
 Temple: D:4-7

Altars:
Okawaru
Qazlal
Ru
Vehumet
Zin

Shops:
D:5 :   D:6 }

Annotations:
D:7 Duvessa


Innate Abilities, Weirdness & Mutations

You are partially covered in molten scales. (AC +2)


Message History

Confirm with . or Enter, or press ? or * to list all spells.
Aiming: Magic Dart
Press: ? - help, Shift-Dir - straight line, f/p - centaur
Aim: a centaur, wielding a shortbow (almost dead)
The magic dart hits the centaur.
The centaur is almost dead.
The centaur shoots an arrow.
The arrow hits you!
Duvessa, Sister of Dowan comes into view.
She is wielding a short sword of speed.
Casting: Magic Dart
Confirm with . or Enter, or press ? or * to list all spells.
Aiming: Magic Dart
Press: ? - help, Shift-Dir - straight line, f/p - centaur
Aim: a centaur, wielding a shortbow (almost dead)
The magic dart hits the centaur.
The centaur is almost dead.
Duvessa shouts!
The centaur shoots an arrow.
The arrow hits you!
* * * LOW HITPOINT WARNING * * *
The centaur shoots an arrow.
The arrow hits you!
You die...

###.ec#
#.....#
#[....#
.....#
...[#
#...#
###...#
#...@.#
#?...<#
#.....#
#.....#
###...#
#...#
#...#
###.#
#.#


You could see Duvessa and a centaur.

Vanquished Creatures
  Menkaure (D:6)
  A hornet zombie (D:6)
  4 ogres (D:5)
  A centaur (D:6)
  A crocodile (Sewer)
  A bullfrog (D:6)
  A water moccasin zombie (D:5)
  A scorpion (D:4)
  A howler monkey (D:6)
  A crimson imp (D:5)
  A hound (D:6)
  2 orc priests
  A jelly (D:6)
  2 centaur skeletons
  8 orc wizards
  7 worker ants
  3 hound skeletons
  A howler monkey skeleton (D:4)
  6 gnolls
  8 adders
  4 oozes
  An adder zombie (D:6)
  2 adder skeletons (D:5)
  4 worms
  A dart slug (D:2)
  3 leopard geckos
  25 orcs
  5 bats
  6 giant cockroaches
  12 goblins
  8 hobgoblins
  4 jackals
  7 kobolds
  4 quokkas
  2 ball pythons
  4 frilled lizards
  A jackal skeleton (D:4)
  13 rats
158 creatures vanquished.

Notes
Turn   | Place    | Note
-------+----------+-------------------------------------------
     0 | D:1      | Monsterracer the Deep Elf Conjurer began the quest for the Orb.
     0 | D:1      | Reached XP level 1. HP: 10/10 MP: 6/6
   233 | D:1      | Gained mutation: You are partially covered in molten scales. (AC +2) [potion of beneficial mutation]
   375 | D:1      | Reached XP level 2. HP: 15/15 MP: 5/8
   406 | D:1      | Reached skill level 5 in Conjurations
   529 | D:1      | Learned a level 2 spell: Searing Ray
  1142 | D:2      | Reached XP level 3. HP: 19/19 MP: 3/9
  1265 | D:2      | Found a glowing silver altar of Zin.
  1542 | D:2      | Reached skill level 6 in Conjurations
  1608 | D:2      | Found a sacrificial altar of Ru.
  1823 | D:2      | Reached XP level 4. HP: 22/24 MP: 5/10
  1875 | D:2      | Learned a level 4 spell: Iskenderun's Mystic Blast
  2126 | D:3      | Found a glowing drain.
  2207 | Sewer    | Entered a sewer
  2299 | Sewer    | Noticed a crocodile
  2305 | Sewer    | Killed a crocodile
  2305 | Sewer    | Reached skill level 7 in Conjurations
  2305 | Sewer    | Reached XP level 5. HP: 24/28 MP: 4/11
  2804 | D:3      | Reached skill level 8 in Conjurations
  2804 | D:3      | Reached XP level 6. HP: 23/32 MP: 7/12
  3311 | D:3      | Found a radiant altar of Vehumet.
  3319 | D:3      | Became a worshipper of Vehumet
  3937 | D:4      | Reached skill level 9 in Conjurations
  4492 | D:4      | Reached XP level 7. HP: 36/36 MP: 8/13
  4499 | D:4      | Learned a level 5 spell: Iskenderun's Battlesphere
  4847 | D:5      | Entered Level 5 of the Dungeon
  5021 | D:5      | Reached skill level 1 in Charms
  5105 | D:5      | Reached skill level 1 in Short Blades
  5421 | D:5      | Reached * piety under Vehumet
  5421 | D:5      | Offered knowledge of Flame Tongue by Vehumet.
  5421 | D:5      | Reached skill level 1 in Fighting
  5547 | D:5      | Learned a level 1 spell: Flame Tongue
  5794 | D:5      | Reached XP level 8. HP: 43/43 MP: 7/17
  5886 | D:5      | Found an iron altar of Okawaru.
  5942 | D:5      | Reached skill level 5 in Spellcasting
  6224 | D:5      | Found Waarocs's Book Boutique.
  7094 | D:6      | Offered knowledge of Shock by Vehumet.
  7128 | D:6      | Reached ** piety under Vehumet
  7376 | D:6      | Found a stormy altar of Qazlal.
  7470 | D:6      | Noticed Menkaure
  7472 | D:6      | Killed Menkaure
  7629 | D:6      | Found Jeklat's Gadget Shoppe.
  7640 | D:6      | Reached skill level 1 in Fire Magic
  7642 | D:6      | Reached skill level 5 in Charms
  8147 | D:7      | Noticed Duvessa
  8147 | D:7      | Shot with an arrow by a centaur

Skill      XL: |  1  2  3  4  5  6  7  8 |
---------------+-------------------------+-----
Conjurations   | 5 6 7 8 9 |  9.9
Charms         | 3 5 |  5.3
Short Blades   | 1 2 |  2.7
Fighting       | 1 2 |  2.0
Spellcasting   | 4 6 |  6.9
Dodging        | 3 4 |  4.2
Fire Magic     | 1 |  1.3
Stealth        | |  2.4

Action                   |  1- 3 |  4- 6 |  7- 9 || total
-------------------------+-------+-------+-------++-------
Melee: Dagger            |       |    11 |       ||    11
 Cast: Magic Dart        |    69 |   111 |   170 ||   350
       Searing Ray       |     1 |    14 |    18 ||    33
       Iskenderun's Myst |       |     4 |     2 ||     6
       Iskenderun's Batt |       |       |     1 ||     1
  Use: Potion            |     1 |     5 |     2 ||     8
       Scroll            |       |       |     4 ||     4
  Eat: Chunk             |     3 |    17 |    12 ||    32
Armor: Robe              |     3 |     8 |     9 ||    20
Dodge: Dodged            |     3 |    20 |    40 ||    63
